AoeStats
← rigma

Oasis

510166777Analyzed
4v4 RM · 1d ago on Sep 29, 2026· 52m 7s· 8 players
Game mode
Random Map
Map size
Large (8 player)
Population
200
Speed
Normal
Resources
Standard
Victory
Conquest
Starting age
Dark Age
Ending age
Imperial Age
RankedLock teamsTeams togetherTeam positionsShared explorationLock speedFull tech treeHidden civsTurbo modeCheats
Victory
Defeat
🇬🇷 Celts · Greece
1093
+15
🇫🇷 Varangians · France
1086
+15
🇫🇷 Armenians · France
1082
+15
🇦🇷 Persians · Argentina
1080
+15
🇫🇷 Slavs · France
1206
-20
🇪🇸 Saxons · Spain
1111
-17
🇫🇷 Mongols · France
995
-12
🇫🇷 Goths · France
954
-11
JuaNCaBj
9:02 Loom
11:06 Feudal Age
15:11 Castle Age
13:13 Double-Bit Axe
13:20 Horse Collar
16:01 Bow Saw
16:12 Heavy Plow
24:34 Husbandry
24:47 Bloodlines
26:16 Wheelbarrow
26:41 Scale Barding Armor
26:47 Gold Mining
31:50 Stone Mining
32:18 Hand Cart
34:26 Forging
37:37 Imperial Age
37:37 Stone Shaft Mining
37:38 Gold Shaft Mining
37:20 Heavy Scorpion
40:25 Conscription
42:25 Chemistry
41:53 Heavy Camel Rider
45:22 Chain Barding Armor
45:55 Padded Archer Armor
45:51 Town Watch
49:21 Plate Barding Armor
52:53 Ballistics
rigma
5:21 Loom
10:45 Feudal Age
12:29 Bloodlines
12:49 Scale Barding Armor
12:55 Double-Bit Axe
13:39 Horse Collar
15:17 Forging
22:20 Castle Age
22:26 Fletching
22:39 Scale Mail Armor
25:39 Bow Saw
25:45 Husbandry
26:32 Gold Mining
27:13 Chain Barding Armor
27:28 Iron Casting
27:38 Heavy Plow
28:43 Wheelbarrow
29:08 Chain Mail Armor
28:59 Squires
28:45 Gambesons
28:57 Light Cavalry
30:52 Hand Cart
31:03 Stone Mining
33:59 Stone Shaft Mining
35:53 Town Watch
39:10 Imperial Age
37:52 Town Patrol
39:26 Cavalier
39:29 Elite Varangian Guard
40:34 Conscription
41:00 Crop Rotation
41:34 Two-Man Saw
41:09 Hussar
44:25 Siege Engineers
44:55 Plate Mail Armor
45:25 Blast Furnace
45:01 Plate Barding Armor
45:30 Blast Furnace
45:09 Vendel Legacy
45:54 Gothikon
47:52 Murder Holes
47:40 Treadmill Crane
48:21 Ballistics
48:11 Fortified Wall
47:58 Murder Holes
49:04 Chemistry
Galzinator
6:27 Loom
9:12 Feudal Age
9:35 Man-at-Arms
11:05 Long Swordsman
14:44 Scale Mail Armor
21:18 Castle Age
21:56 Double-Bit Axe
23:06 Two-Handed Swordsman
23:32 Gambesons
23:47 Squires
25:01 Chain Mail Armor
27:31 Arson
28:08 Forging
28:04 Horse Collar
31:41 Bow Saw
31:37 Champion
32:54 Iron Casting
37:06 Wheelbarrow
39:53 Imperial Age
37:55 Fletching
39:12 Hand Cart
39:05 Stone Mining
39:09 Gold Mining
40:22 Ballistics
40:38 Heavy Plow
41:03 Conscription
41:04 Bodkin Arrow
41:40 Plate Mail Armor
41:58 Fereters
41:19 Elite Composite Bowman
42:46 Bracer
43:23 Town Watch
44:52 Blast Furnace
43:53 Padded Archer Armor
45:08 Chemistry
48:08 Hoardings
47:49 Masonry
47:21 Treadmill Crane
48:25 Leather Archer Armor
fotolithos
7:21 Loom
12:31 Feudal Age
19:19 Castle Age
19:10 Stone Mining
19:34 Double-Bit Axe
20:58 Bow Saw
25:44 Wheelbarrow
25:09 Horse Collar
34:40 Imperial Age
33:56 Hand Cart
36:56 Capped Ram
38:25 Siege Ram
43:58 Heavy Plow
44:22 Forging
44:13 Scale Mail Armor
43:36 Pikeman
44:01 Arson
45:38 Iron Casting
44:27 Halberdier
45:54 Conscription
46:13 Hoardings
Siller
8:28 Loom
10:14 Feudal Age
12:19 Double-Bit Axe
19:17 Fletching
19:41 Gold Mining
22:43 Castle Age
22:52 Padded Archer Armor
22:55 Crossbowman
23:32 Bodkin Arrow
33:19 Ballistics
42:07 Bloodlines
41:18 Light Cavalry
41:58 Husbandry
41:24 Light Cavalry
42:14 Husbandry
Kim jong-un
6:53 Loom
9:31 Feudal Age
9:58 Double-Bit Axe
11:32 Horse Collar
13:42 Gold Mining
19:57 Castle Age
18:48 Stone Mining
18:59 Man-at-Arms
19:05 Man-at-Arms
19:53 Scale Mail Armor
20:03 Forging
20:58 Chain Mail Armor
20:05 Long Swordsman
20:46 Squires
21:27 Gold Shaft Mining
21:34 Bow Saw
24:39 Heavy Plow
24:33 Pikeman
27:37 Wheelbarrow
28:47 Iron Casting
33:59 Husbandry
34:09 Bloodlines
38:36 Imperial Age
36:21 Hand Cart
35:52 Town Watch
37:54 Detinets
39:05 Two-Handed Swordsman
40:29 Crop Rotation
41:03 Two-Man Saw
40:32 Conscription
40:45 Siege Engineers
40:36 Champion
41:58 Plate Mail Armor
42:34 Blast Furnace
41:40 Scale Barding Armor
43:14 Elite Boyar
43:39 Elite Boyar
44:45 Capped Ram
46:13 Chain Barding Armor
47:54 Chemistry
47:14 Ballistics
46:50 Murder Holes
46:38 Halberdier
48:16 Siege Ram
49:59 Hoardings
51:43 Plate Barding Armor
50:59 Heavy Scorpion
PUR Vortex
7:39 Loom
11:04 Feudal Age
21:10 Gold Mining
21:10 Double-Bit Axe
28:41 Castle Age
28:54 Stone Mining
30:14 Crossbowman
32:55 Town Watch
34:30 Scale Mail Armor
34:40 Forging
38:35 Bow Saw
38:08 Horse Collar
47:22 Wheelbarrow
Finn el Rumano
10:39 Feudal Age
11:10 Double-Bit Axe
14:56 Wheelbarrow
14:05 Horse Collar
15:05 Loom
17:56 Castle Age
18:03 Castle Age
16:07 Scale Mail Armor
16:05 Man-at-Arms
24:08 Squires
27:51 Heavy Plow
28:03 Bow Saw
29:03 Ballistics
31:18 Forging
32:06 Guard Tower
31:59 Treadmill Crane
35:15 Fletching
35:42 Chain Mail Armor
36:12 Bodkin Arrow
39:34 Iron Casting
42:56 Imperial Age
41:09 Long Swordsman
41:35 Gambesons
41:37 Arson
42:14 Fortified Wall
42:27 Loom
42:30 Town Watch
43:35 Hand Cart
42:57 Shield Wall
44:37 Bracer
44:07 Two-Handed Swordsman
45:26 Gold Mining
45:30 Stone Mining
46:03 Champion
47:35 Conscription
48:48 Plate Mail Armor
48:24 Pikeman
Connection lost

Rejoining the realm…

Still unreachable

The connection could not be restored.

Session expired

The server has moved on; the page needs a fresh start.